[Event "FIN-ch Women 2018"]
[Site "Helsinki"]
[Date "2018.06.11"]
[Round "1"]
[White "Norlamo, Sarabella"]
[Black "Walta, Paivi"]
[Result "1-0"]
[ECO "A53"]
[WhiteElo "1847"]
[BlackElo "1634"]
[Annotator "NA"]
[PlyCount "75"]
[EventDate "2018.06.13"]
[EventType "tourn"]
[EventCountry "FIN"]
[SourceTitle "playchess.com"]
[Source "ChessBase"]
[SourceQuality "1"]
[TimeControl "40/5400+30:1800+30"]

1. d4 Nf6 2. c4 d6 3. Nf3 g6 4. Nc3 Bf5 5. Qb3 b6 {[%emt 0:00:39] E61: King's Indian: Early deviations for White, including Smyslov System} (5... Qc8 6. Nh4 Bd7 7. e4 Nc6 8. Nf3 e5 9. d5 Nd4 10. Qd1 Bg4 11. Be3 Bxf3 12. gxf3 Bg7 13. f4 {½-½ (47) Wang,H (2734)-Svidler,P (2759) Almaty 2016}) 6. g3 Bg7 7. Bg2 c6 $146 ({Predecessor:} 7... Nc6 8. Qa4 Bd7 9. Qd1 e5 10. O-O O-O 11. d5 Ne7 12. e4 Qc8 13. Ne1 {0-1 (56) Mchedlishvili,M (2609)-Ipatov,A (2652) Baku 2016}) 8. Nh4 Bd7 9. O-O O-O 10. Nf3 Re8 11. Rd1 Na6 12. Bf4 Nh5 13. Be3 Rb8 14. Qc2 Bf5 15. Qa4 Qc8 16. Nh4 Bd7 17. Qc2 Nc7 18. Rac1 a5 19. d5 c5 20. Bd2 Bh3 21. Ne4 Bxg2 22. Nxg2 f5 23. Ng5 Rf8 24. e3 h6 25. Nf3 g5 26. Bc3 Nf6 27. Nd2 (27. h4 $5 ) 27... Qd7 28. Qd3 $11 (28. Rf1 $16) 28... a4 29. e4 fxe4 30. Nxe4 Nce8 31. Re1 Rf7 32. Rc2 Qh3 33. Nxf6+ Nxf6 34. Ne3 Rbf8 35. Qf5 Qh5 36. Qe6 Kh8 37. Rce2 Qf3 38. Qf5 1-0

[Event "FIN-ch Women 2018"]
[Site "Helsinki"]
[Date "2018.06.11"]
[Round "1"]
[White "Turunen, Tiina"]
[Black "Ristoja, Aulikki"]
[Result "1-0"]
[ECO "D00"]
[WhiteElo "1665"]
[BlackElo "1565"]
[Annotator "NA"]
[PlyCount "167"]
[EventDate "2018.06.13"]
[EventType "tourn"]
[EventCountry "FIN"]
[SourceTitle "playchess.com"]
[Source "ChessBase"]
[SourceQuality "1"]
[TimeControl "40/5400+30:1800+30"]

1. d4 d5 2. Bf4 Bf5 3. Nf3 h6 4. h3 Nd7 5. e3 e6 6. Bd3 Bxd3 7. Qxd3 Ngf6 8. Nbd2 c5 9. c3 c4 10. Qc2 b5 11. e4 g5 12. Be5 Nxe5 13. Nxe5 Bg7 14. O-O Qc7 15. exd5 Nxd5 16. Rae1 Nf4 17. Qe4 O-O 18. Nef3 Nd3 19. Rb1 a6 20. Ne1 Nf4 21. Ndf3 Rad8 22. Nc2 f5 23. Qe3 Rfe8 24. Rfe1 Nd3 25. Re2 Nf4 26. Rd2 Nd5 27. Qe1 Nf4 28. Ne3 Qb7 29. Kh2 Qc7 30. g3 Nd3 31. Qf1 f4 32. Ng4 fxg3+ 33. fxg3 Rf8 34. Qe2 Qc6 35. Rf1 Rf5 36. Ne1 Rxf1 37. Qxf1 Nxe1 38. Qxe1 Qd6 39. Re2 Re8 40. Ne5 b4 41. Qf2 Rf8 42. Qe3 bxc3 43. bxc3 Qd5 44. Ng4 Re8 45. Qe4 Qxe4 46. Rxe4 Kf7 47. Ne5+ Bxe5 48. Rxe5 Rb8 49. Ra5 Rb2+ 50. Kg1 Rc2 51. Ra3 Kf6 52. g4 e5 53. Rxa6+ Kg7 54. dxe5 Rxc3 55. Ra7+ Kg6 56. e6 Re3 57. Rc7 Rxe6 58. Rxc4 Ra6 59. a4 h5 60. Kg2 h4 61. Kf3 Kf6 62. Ke4 Ke6 63. Kd4 Kd6 64. Kc3 Kd5 65. Kb3 Ra7 66. Rb4 Ra5 67. Rb5+ Rxb5+ 68. axb5 Kc5 69. Ka4 Kb6 70. Kb4 Kb7 71. Kc5 Kc7 72. Kd5 Kb6 73. Ke5 Kxb5 74. Kf5 Kc6 75. Kxg5 Kd6 76. Kxh4 Ke6 77. Kg5 Kf7 78. Kf5 Kg7 79. h4 Kh6 80. Kf6 Kh7 81. g5 Kh8 82. Kf7 Kh7 83. g6+ Kh8 84. g7+ 1-0

[Event "FIN-ch Women 2018"]
[Site "Helsinki"]
[Date "2018.06.11"]
[Round "1"]
[White "Al Argha, Fatima"]
[Black "Al Najar, Huda"]
[Result "0-1"]
[ECO "A45"]
[WhiteElo "1436"]
[BlackElo "1719"]
[Annotator "NA"]
[PlyCount "104"]
[EventDate "2018.06.13"]
[EventType "tourn"]
[EventCountry "FIN"]
[SourceTitle "playchess.com"]
[Source "ChessBase"]
[SourceQuality "1"]
[TimeControl "40/5400+30:1800+30"]

1. d4 Nf6 2. Bf4 e6 3. e3 d6 4. Bd3 Nbd7 5. Nf3 g6 6. Nbd2 Bg7 7. c4 Qe7 8. h3 e5 9. dxe5 dxe5 10. Bg5 h6 11. Bxf6 Bxf6 12. Qc2 Nc5 13. O-O O-O 14. Ne4 Bg7 15. Nxc5 Qxc5 16. e4 Be6 17. a3 a5 18. Rab1 b6 19. b4 axb4 20. axb4 Qe7 21. c5 Ra2 22. Qc3 Rfa8 23. cxb6 cxb6 24. Bc4 Rc8 25. Nd2 b5 26. Rfc1 bxc4 27. b5 Qb7 28. Qb4 Qb6 29. Rb2 Rxb2 30. Qxb2 c3 31. Rxc3 Rxc3 32. Qxc3 Qxb5 33. Qa1 Qd3 34. Qa8+ Kh7 35. Nf3 Bxh3 36. Nxe5 Qd1+ 37. Kh2 Be6 38. Nf3 Qe2 39. Kg3 Qd3 40. Kh2 Qb5 41. g3 Qe2 42. Kg2 Bh3+ 43. Kxh3 Qxf3 44. Qe8 Qxf2 45. e5 Qf5+ 46. Kg2 Bxe5 47. Qe7 Qe4+ 48. Kh3 Qh1+ 49. Kg4 h5+ 50. Kg5 Qc1+ 51. Kh4 Qc4+ 52. Kg5 Qg4# 0-1

[Event "FIN-ch Women 2018"]
[Site "Helsinki"]
[Date "2018.06.11"]
[Round "1"]
[White "Al-Hamoud, Lyal"]
[Black "Pelander, Pauliina"]
[Result "0-1"]
[ECO "B40"]
[WhiteElo "1382"]
[BlackElo "1610"]
[Annotator "NA"]
[PlyCount "58"]
[EventDate "2018.06.13"]
[EventType "tourn"]
[EventCountry "FIN"]
[SourceTitle "playchess.com"]
[Source "ChessBase"]
[SourceQuality "1"]
[TimeControl "40/5400+30:1800+30"]

1. e4 c5 2. Nf3 e6 3. Nc3 a6 4. a3 b5 5. d4 Nf6 6. Bd2 b4 7. axb4 cxb4 8. Na2 Nxe4 9. Bxb4 Bxb4+ 10. Nxb4 Qb6 11. Nd3 Nc6 12. c3 Bb7 13. Be2 Ne7 14. O-O Nf5 15. Qc1 g5 16. Nxg5 Rg8 17. Nf3 Nf6 18. g3 h5 19. h4 Qc7 20. Qf4 d6 21. Kh2 Rg4 22. Qc1 Rg7 23. Qd1 Ng4+ 24. Kh3 Qe7 25. Nf4 Bxf3 26. Bxf3 Nxf2+ 27. Rxf2 Rxg3+ 28. Kh2 Qxh4+ 29. Nh3 Qxh3# 0-1

[Event "FIN-ch Women 2018"]
[Site "Helsinki"]
[Date "2018.06.12"]
[Round "2"]
[White "Norlamo, Sarabella"]
[Black "Al-Hamoud, Lyal"]
[Result "1-0"]
[ECO "A04"]
[WhiteElo "1847"]
[BlackElo "1382"]
[Annotator "NA"]
[PlyCount "57"]
[EventDate "2018.06.13"]
[EventType "tourn"]
[EventCountry "FIN"]
[SourceTitle "playchess.com"]
[Source "ChessBase"]
[SourceQuality "1"]
[TimeControl "40/5400+30:1800+30"]

1. Nf3 Nc6 2. d4 Nf6 3. c4 d5 4. cxd5 Qxd5 5. Nc3 {[%emt 0:00:07] LiveBook: 6 Games D07: Damengambit (Tschigorin-Verteidigung)} Qd8 6. d5 (6. Bf4 Bf5 7. e3 {½-½ (7) Milchev,N (2421)-Malakhatko,V (2530) Plancoet 2012}) 6... Nb4 7. Qa4+ Qd7 8. Qxb4 Nxd5 9. Nxd5 Qxd5 10. Qd4 $146 ({Vorgänger:} 10. e4 e5 11. Qxf8+ Rxf8 12. exd5 {1-0 (26) Heck,E (1743)-Hingst,D Troisdorf 2001}) 10... Qxd4 11. Nxd4 e5 12. Nb5 Bb4+ 13. Bd2 Bxd2+ 14. Kxd2 O-O (14... Kd7 {keeps fighting.} 15. e4 c6) 15. Nxc7 Rb8 16. e4 Rd8+ 17. Ke3 a6 $18 18. Be2 g6 19. Rhd1 Bd7 20. Nd5 Kg7 21. Nb6 Be6 22. Bc4 Bxc4 23. Nxc4 f5 24. Nxe5 Re8 25. f4 g5 26. g3 gxf4+ 27. gxf4 fxe4 28. Rg1+ Kh8 29. Nf7# 1-0

[Event "FIN-ch Women 2018"]
[Site "Helsinki"]
[Date "2018.06.12"]
[Round "2"]
[White "Al Najar, Huda"]
[Black "Turunen, Tiina"]
[Result "1-0"]
[ECO "B10"]
[WhiteElo "1719"]
[BlackElo "1665"]
[Annotator "NA"]
[PlyCount "59"]
[EventDate "2018.06.13"]
[EventType "tourn"]
[EventCountry "FIN"]
[SourceTitle "playchess.com"]
[Source "ChessBase"]
[SourceQuality "1"]
[TimeControl "40/5400+30:1800+30"]

1. e4 c6 2. Nf3 d5 3. Nc3 dxe4 4. Nxe4 Nf6 5. Qe2 Nxe4 6. Qxe4 Nd7 7. Bc4 Nf6 8. Qe2 Bf5 9. d4 e6 10. h3 Be7 11. c3 h6 12. Bf4 Bd6 13. Ne5 O-O 14. g4 Bh7 15. g5 Nd5 16. Bxd5 hxg5 17. Be4 Bxe4 18. Qxe4 gxf4 19. Rg1 Qc7 20. Ng4 Kh8 21. Qe2 f5 22. Nh2 Rf6 23. Nf3 Re8 24. O-O-O c5 25. dxc5 Qxc5 26. Nd4 Qb6 27. Qh5+ Kg8 28. Qxe8+ Bf8 29. Rg6 Rxg6 30. Qxg6 1-0

[Event "FIN-ch Women 2018"]
[Site "Helsinki"]
[Date "2018.06.12"]
[Round "2"]
[White "Walta, Paivi"]
[Black "Dannenberg, Alia"]
[Result "0-1"]
[ECO "B01"]
[WhiteElo "1634"]
[BlackElo "1934"]
[Annotator "NA"]
[PlyCount "58"]
[EventDate "2018.06.13"]
[EventType "tourn"]
[EventCountry "FIN"]
[SourceTitle "playchess.com"]
[Source "ChessBase"]
[SourceQuality "1"]
[TimeControl "40/5400+30:1800+30"]

1. e4 d5 2. exd5 Qxd5 3. Nc3 Qa5 4. d4 Nf6 5. Bc4 Bg4 {[%emt 0:00:27] LiveBook: 232 Games} 6. f3 Bf5 7. Bd2 Qb6 8. Nge2 c6 9. O-O (9. g4 $16 Bg6 10. h4) 9... e6 $11 10. Bf4 Be7 11. g4 Bg6 12. h4 h6 13. Bg3 Nbd7 14. Nf4 Bh7 15. Qd2 Bd6 16. Ng6 Bxg3 17. Nxh8 Ke7 18. Nxf7 Kxf7 19. Ne4 Bxh4 20. Nd6+ Ke7 21. Nf5+ exf5 22. Qe3+ Kd8 23. Rad1 Qc7 24. f4 g5 25. Rd2 gxf4 26. Qh3 Bg5 27. gxf5 Qa5 28. Re2 Bxf5 29. Qb3 Qb6 0-1

[Event "FIN-ch Women 2018"]
[Site "Helsinki"]
[Date "2018.06.12"]
[Round "2"]
[White "Pelander, Pauliina"]
[Black "Al Argha, Fatima"]
[Result "1-0"]
[ECO "B21"]
[WhiteElo "1610"]
[BlackElo "1436"]
[Annotator "NA"]
[PlyCount "49"]
[EventDate "2018.06.13"]
[EventType "tourn"]
[EventCountry "FIN"]
[SourceTitle "playchess.com"]
[Source "ChessBase"]
[SourceQuality "1"]
[TimeControl "40/5400+30:1800+30"]

1. e4 c5 2. f4 d6 3. Nf3 Nf6 4. Nc3 g6 5. Bc4 Bg7 6. O-O O-O 7. d3 Nc6 8. a3 a6 9. Nh4 b5 10. Ba2 e6 11. f5 Nxe4 12. Nxe4 Qxh4 13. Bg5 Qh5 14. g4 Qh3 15. f6 Ne5 16. fxg7 Kxg7 17. Bf6+ Kg8 18. Bxe5 dxe5 19. Nf6+ Kg7 20. Qe2 Bb7 21. Rf2 Rad8 22. Qxe5 Kh6 23. g5+ Kg7 24. Nh5+ Kg8 25. Qg7# 1-0

[Event "FIN-ch Women 2018"]
[Site "Helsinki"]
[Date "2018.06.12"]
[Round "2"]
[White "Ristoja, Aulikki"]
[Black "Nazarova, Anastasia"]
[Result "0-1"]
[ECO "D00"]
[WhiteElo "1565"]
[BlackElo "2137"]
[Annotator "NA"]
[PlyCount "96"]
[EventDate "2018.06.13"]
[EventType "tourn"]
[EventCountry "FIN"]
[SourceTitle "playchess.com"]
[Source "ChessBase"]
[SourceQuality "1"]
[TimeControl "40/5400+30:1800+30"]

1. d4 d5 2. Bf4 Nf6 3. e3 c5 4. Bb5+ Bd7 5. Bxd7+ Nbxd7 6. c3 Rc8 7. g4 Qb6 8. Qe2 h6 9. a4 a6 10. a5 Qc6 $15 11. h3 e6 12. Nf3 Ne4 13. Ne5 Nxe5 14. Bxe5 f6 15. Bh2 Bd6 16. Bxd6 Qxd6 17. Nd2 Nxd2 18. Qxd2 h5 19. Qe2 hxg4 20. Qxg4 Qe7 21. Qg6+ Kf8 22. Qg3 Rh5 23. f4 cxd4 24. exd4 Qc7 25. Qg4 Rf5 26. Rf1 Kf7 27. h4 Rh8 28. Kd2 Rh6 29. Ke3 Rfh5 30. Rg1 g6 31. Rh1 Qe7 32. Ra4 f5 33. Qg3 Rxh4 34. Rxh4 Rxh4 35. Rb4 Rg4 36. Qh3 Kg7 37. Rb6 g5 38. Qh1 Rxf4 39. c4 Re4+ 40. Kd3 dxc4+ 41. Kxc4 Qd7 42. Qg1 g4 43. Rb4 Qd5+ 44. Kd3 e5 45. Qc1 Rxd4+ 46. Rxd4 Qxd4+ 47. Ke2 Qe4+ 48. Kf2 Qf4+ 0-1

[Event "FIN-ch Women 2018"]
[Site "Helsinki"]
[Date "2018.06.13"]
[Round "3"]
[White "Nazarova, Anastasia"]
[Black "Al Najar, Huda"]
[Result "1-0"]
[ECO "B44"]
[WhiteElo "2137"]
[BlackElo "1719"]
[Annotator "NA"]
[PlyCount "35"]
[EventDate "2018.06.13"]
[EventType "tourn"]
[EventCountry "FIN"]
[SourceTitle "playchess.com"]
[Source "ChessBase"]
[SourceQuality "1"]
[TimeControl "40/5400+30:1800+30"]

1. e4 c5 2. Nf3 Nc6 3. d4 cxd4 4. Nxd4 e6 5. Nxc6 bxc6 6. Bd3 Nf6 7. O-O Bc5 8. e5 Nd5 9. Qg4 Bf8 10. a3 a5 11. c4 Ba6 12. Rd1 h5 13. Qe4 f5 14. exf6 Nxf6 15. Qg6+ Ke7 16. Be3 Qe8 17. Qg5 Kf7 18. Bg6+ 1-0

[Event "FIN-ch Women 2018"]
[Site "Helsinki"]
[Date "2018.06.13"]
[Round "3"]
[White "Dannenberg, Alia"]
[Black "Ristoja, Aulikki"]
[Result "1-0"]
[ECO "A05"]
[WhiteElo "1934"]
[BlackElo "1565"]
[Annotator "NA"]
[PlyCount "115"]
[EventDate "2018.06.13"]
[EventType "tourn"]
[EventCountry "FIN"]
[SourceTitle "playchess.com"]
[Source "ChessBase"]
[SourceQuality "1"]
[TimeControl "40/5400+30:1800+30"]

1. Nf3 Nf6 2. g3 d5 3. Bg2 g6 4. d3 Bg7 5. Nbd2 O-O 6. O-O Re8 7. Re1 e5 8. e4 Bg4 9. h3 Bxf3 10. Qxf3 d4 11. a4 c5 12. Nc4 a5 13. Qe2 Nc6 14. f4 exf4 15. gxf4 Nb4 16. Qf2 Rc8 17. e5 Nfd5 18. Nd6 Qd7 19. Re2 b6 20. Bxd5 Nxd5 21. Qf3 Nb4 22. Nxc8 Rxc8 23. Qg4 Qc7 24. b3 Re8 25. Qf3 Qd7 26. Bb2 Nd5 27. Rae1 Bh6 28. Bc1 Nc3 29. Rf2 Qe6 30. f5 gxf5 31. Bxh6 Qxh6 32. Qxf5 Qe6 33. Qxe6 Rxe6 34. Rf6 Nd5 35. Rxe6 fxe6 36. Rf1 Kg7 37. Kh2 h5 38. Kg3 Kg6 39. Kh4 Kh6 40. Rf6+ Nxf6 41. exf6 Kg6 42. f7 Kxf7 43. Kxh5 Kf6 44. Kg4 e5 45. h4 Kg6 46. h5+ Kf6 47. Kf3 Kg5 48. Ke4 Kxh5 49. Kxe5 Kg4 50. Kd5 Kf3 51. Kc6 Ke2 52. Kxb6 Kd2 53. Kxc5 Kc3 54. Kb5 Kxc2 55. Kc4 Kb2 56. b4 axb4 57. Kxb4 Kc2 58. Kc4 1-0

[Event "FIN-ch Women 2018"]
[Site "Helsinki"]
[Date "2018.06.13"]
[Round "3"]
[White "Turunen, Tiina"]
[Black "Pelander, Pauliina"]
[Result "0-1"]
[ECO "A40"]
[WhiteElo "1665"]
[BlackElo "1610"]
[Annotator "NA"]
[PlyCount "130"]
[EventDate "2018.06.13"]
[EventType "tourn"]
[EventCountry "FIN"]
[SourceTitle "playchess.com"]
[Source "ChessBase"]
[SourceQuality "1"]
[TimeControl "40/5400+30:1800+30"]

1. d4 b5 2. e4 Bb7 3. f3 a6 4. Be3 e6 5. c3 g5 6. Bd3 h5 7. Qd2 g4 8. f4 Be7 9. Ne2 Bh4+ 10. Ng3 Nf6 11. Qc2 d6 12. Bf2 Nbd7 13. Nd2 c5 14. O-O Qb6 15. dxc5 dxc5 16. c4 Qd6 17. e5 Qc6 18. Nge4 Bxf2+ 19. Rxf2 Nxe4 20. Bxe4 Qb6 21. Bxb7 Qxb7 22. Ne4 Qb6 23. Nd6+ Ke7 24. b3 h4 25. Re2 Nb8 26. f5 Nc6 27. f6+ Kf8 28. Qe4 g3 29. Qg4 gxh2+ 30. Kxh2 Rh7 31. Qe4 Rh6 32. Rf1 Rd8 33. Qf4 Rh5 34. Qg4 Rh7 35. Qg5 Nxe5 36. Nxb5 Nd3 37. Nc3 Qd6+ 38. Kh1 Qg3 39. Ne4 Qxg5 40. Nxg5 Rh5 41. Nh3 Rd4 42. Kh2 Ne5 43. Kg1 Ng4 44. Kh1 Rh6 45. Ng5 Nxf6 46. Re5 Rg4 47. Rf2 Ke7 48. Rxc5 Rxg5 49. Rxg5 Ne4 50. Ra5 Nxf2+ 51. Kg1 Ng4 52. Rxa6 Rg6 53. c5 Ne3 54. Ra7+ Kf6 55. Kh2 Rxg2+ 56. Kh3 Rg3+ 57. Kh2 Nf1+ 58. Kh1 h3 59. Ra4 Kg5 60. Ra8 Kf4 61. Rh8 h2 62. Rh4+ Kg5 63. Rxh2 Nxh2 64. Kxh2 Rc3 65. b4 Rc2+ 0-1

[Event "FIN-ch Women 2018"]
[Site "Helsinki"]
[Date "2018.06.13"]
[Round "3"]
[White "Al Argha, Fatima"]
[Black "Norlamo, Sarabella"]
[Result "0-1"]
[ECO "A00"]
[WhiteElo "1436"]
[BlackElo "1847"]
[Annotator "NA RC"]
[PlyCount "50"]
[EventDate "2018.06.13"]
[EventType "tourn"]
[EventCountry "FIN"]
[SourceTitle "playchess.com"]
[Source "ChessBase"]
[SourceQuality "1"]
[TimeControl "40/5400+30:1800+30"]

1. g3 Nf6 2. Bg2 e5 3. c4 c6 4. Nc3 Be7 5. Nf3 d6 6. O-O O-O 7. a3 Qc7 8. Qc2 Be6 9. d3 h6 10. b4 d5 11. cxd5 cxd5 12. Qd2 d4 13. Na2 Nbd7 14. Bb2 Rac8 15. Rfc1 Qb6 16. e3 dxe3 17. fxe3 e4 18. Nd4 Rxc1+ 19. Nxc1 Bd5 20. Nf5 Bd8 21. dxe4 Be6 22. Nd4 Ne5 23. Nxe6 Qxe6 24. Bxe5 Qxe5 25. Nd3 Qxa1+ 0-1

[Event "FIN-ch Women 2018"]
[Site "Helsinki"]
[Date "2018.06.13"]
[Round "3"]
[White "Al-Hamoud, Lyal"]
[Black "Walta, Paivi"]
[Result "0-1"]
[ECO "B20"]
[WhiteElo "1382"]
[BlackElo "1634"]
[Annotator "NA"]
[PlyCount "96"]
[EventDate "2018.06.13"]
[EventType "tourn"]
[EventCountry "FIN"]
[SourceTitle "playchess.com"]
[Source "ChessBase"]
[SourceQuality "1"]
[TimeControl "40/5400+30:1800+30"]

1. e4 c5 2. d3 g6 3. Nf3 Bg7 4. g3 Nc6 5. c3 e6 6. Bg2 Nge7 7. O-O O-O 8. Bd2 b5 9. Na3 Rb8 10. Nc2 a5 11. a3 d5 12. Rb1 Ba6 13. b4 c4 14. exd5 exd5 15. d4 Bc8 16. Bf4 Rb7 17. Re1 Bf5 18. Rb2 Qd7 19. Nh4 Bh3 20. Bxh3 Qxh3 21. Nf3 f6 22. Rb1 g5 23. Bd2 a4 24. Ne3 Nd8 25. Qc2 Nf7 26. Re2 Nd6 27. Rbe1 Rf7 28. Kh1 h5 29. Ng1 Qc8 30. Ng2 Ne4 31. Bc1 Rd7 32. f4 g4 33. Nh4 Rd8 34. Rf1 Nf5 35. Nxf5 Qxf5 36. Be3 Bf8 37. Bd2 Nxg3+ 38. Kg2 Qxc2 39. Kxg3 Qf5 40. Rfe1 Rh7 41. h4 gxh3 42. Nxh3 h4+ 43. Kh2 Kh8 44. Rg2 Bd6 45. Rf1 Re8 46. Rfg1 Rh6 47. Rg7 Re2+ 48. Kh1 Qxh3# 0-1

[Event "FIN-ch Women 2018"]
[Site "Helsinki"]
[Date "2018.06.14"]
[Round "4"]
[White "Norlamo, Sarabella"]
[Black "Turunen, Tiina"]
[Result "1/2-1/2"]
[ECO "B10"]
[WhiteElo "1847"]
[BlackElo "1665"]
[Annotator "NA"]
[PlyCount "93"]
[EventDate "2018.06.13"]
[EventType "tourn"]
[EventCountry "FIN"]
[SourceTitle "playchess.com"]
[Source "ChessBase"]
[SourceQuality "1"]
[TimeControl "40/5400+30:1800+30"]

1. e4 c6 2. Nf3 d5 3. exd5 cxd5 4. Ne5 Nc6 5. d4 Nf6 6. Bb5 Bd7 7. Nxd7 Qxd7 8. c3 a6 9. Bd3 e5 10. dxe5 Nxe5 11. Qe2 O-O-O 12. O-O Nxd3 13. Qxd3 Bc5 14. Nd2 Rhe8 15. Nf3 h6 16. b4 Bb6 17. a4 Re7 18. a5 Ba7 19. Ba3 Re6 20. Nd4 Bxd4 21. cxd4 Kb8 22. Rfb1 Rc8 23. b5 Ka8 24. bxa6 bxa6 25. Bc5 Rb8 26. Rxb8+ Kxb8 27. Qg3+ Ka8 28. Qxg7 Qe8 29. Qf8 Nd7 30. Qxe8+ Rxe8 31. Bb4 Rb8 32. Bd2 h5 33. Kf1 Rb2 34. Ke1 Kb7 35. Ra3 Nf6 36. f3 Ne8 37. Re3 Nd6 38. Re2 Kc6 39. Kf2 Nc4 40. Bc3 Rb3 41. Be1 Rd3 42. Re7 Nd6 43. Ra7 Kb5 44. Rd7 Kc6 45. Ra7 Kb5 46. Rd7 Kc6 47. Ra7 1/2-1/2

[Event "FIN-ch Women 2018"]
[Site "Helsinki"]
[Date "2018.06.14"]
[Round "4"]
[White "Pelander, Pauliina"]
[Black "Nazarova, Anastasia"]
[Result "0-1"]
[ECO "A00"]
[WhiteElo "1610"]
[BlackElo "2137"]
[Annotator "NA"]
[PlyCount "62"]
[EventDate "2018.06.13"]
[EventType "tourn"]
[EventCountry "FIN"]
[SourceTitle "playchess.com"]
[Source "ChessBase"]
[SourceQuality "1"]
[TimeControl "40/5400+30:1800+30"]

1. b4 d5 2. Bb2 Bg4 3. h3 Bf5 4. e3 e6 5. h4 h5 6. c4 Nf6 7. b5 Nbd7 8. Be2 Nb6 9. Na3 Bxa3 10. Bxa3 dxc4 11. Bb2 Qd5 12. a4 Nbd7 13. Rc1 Nc5 14. Bxc4 Qxg2 15. Qf3 Qg6 16. Ne2 Be4 17. Qh3 Bxh1 18. Qxh1 Rd8 19. Nf4 Qe4 20. Qg1 Ng4 21. d4 e5 22. Be2 exf4 23. Rxc5 fxe3 24. f3 Qb1+ 25. Bc1 Qb4+ 26. Kf1 Qxd4 27. Rxc7 O-O 28. fxg4 Qf4+ 29. Kg2 Qxc7 30. gxh5 Rfe8 31. h6 Rd6 0-1

[Event "FIN-ch Women 2018"]
[Site "Helsinki"]
[Date "2018.06.14"]
[Round "4"]
[White "Al-Hamoud, Lyal"]
[Black "Al Argha, Fatima"]
[Result "0-1"]
[ECO "C50"]
[WhiteElo "1382"]
[BlackElo "1436"]
[Annotator "NA"]
[PlyCount "122"]
[EventDate "2018.06.13"]
[EventType "tourn"]
[EventCountry "FIN"]
[SourceTitle "playchess.com"]
[Source "ChessBase"]
[SourceQuality "1"]
[TimeControl "40/5400+30:1800+30"]

1. e4 e5 2. Nf3 Nc6 3. Bc4 Bc5 4. Nc3 Nf6 5. d3 h6 6. O-O d6 7. h3 O-O 8. Be3 Bb6 9. a3 Be6 10. Ba2 Qd7 11. Nd5 Bxd5 12. Bxd5 Nxd5 13. exd5 Ne7 14. c4 Nf5 15. Bd2 Rfe8 16. Re1 c6 17. a4 cxd5 18. cxd5 Ne7 19. Qb3 f5 20. Rac1 Rac8 21. Qa2 f4 22. b4 a6 23. a5 Ba7 24. Bc3 Nf5 25. Qa1 Qb5 26. d4 e4 27. Nd2 Qxd5 28. Qb1 e3 29. fxe3 fxe3 30. Qb3 Qxb3 31. Nxb3 e2 32. Kf2 Rf8 33. Kxe2 Rfe8+ 34. Kd3 Kf7 35. g4 Ne7 36. Bb2 Nd5 37. Rf1+ Kg6 38. Rce1 Nxb4+ 39. Kd2 Rc2+ 40. Kd1 Rxe1+ 41. Rxe1 Rxb2 42. Nd2 Bxd4 43. Re6+ Kg5 44. Nf3+ Kf4 45. Nxd4 Ra2 46. Rxd6 Rxa5 47. Ne2+ Kf3 48. Rb6 Rd5+ 49. Kc1 Nd3+ 50. Kd2 Nf2+ 51. Kc3 Kxe2 52. Rxb7 Nxh3 53. Rxg7 Rg5 54. Rh7 Rg6 55. Rf7 Nf2 56. Kb4 Nxg4 57. Ka5 h5 58. Re7+ Kf3 59. Rc7 h4 60. Rc3+ Kg2 61. Rc2+ Nf2 0-1

[Event "FIN-ch Women 2018"]
[Site "Helsinki"]
[Date "2018.06.15"]
[Round "5"]
[White "Nazarova, Anastasia"]
[Black "Norlamo, Sarabella"]
[Result "1-0"]
[ECO "B32"]
[WhiteElo "2137"]
[BlackElo "1847"]
[Annotator "NA"]
[PlyCount "61"]
[EventDate "2018.06.13"]
[EventType "tourn"]
[EventCountry "FIN"]
[SourceTitle "playchess.com"]
[Source "ChessBase"]
[SourceQuality "1"]
[TimeControl "40/5400+30:1800+30"]

1. e4 c5 2. Nf3 Nc6 3. d4 cxd4 4. Nxd4 e5 5. Nb5 d6 6. N1c3 a6 7. Na3 b5 8. Nd5 Nf6 9. Bg5 Be7 10. Bxf6 Bxf6 11. c3 O-O 12. Nc2 Bg5 13. a4 bxa4 14. Rxa4 a5 15. Bc4 Rb8 16. b3 Kh8 17. Nce3 Bxe3 18. Nxe3 g6 19. O-O f5 20. exf5 gxf5 21. Qf3 Bb7 22. Bd5 e4 23. Qh5 Ne7 24. Bxb7 Rxb7 25. Qd1 d5 26. Rd4 Qb8 27. Nxd5 Nxd5 28. Rxd5 Rxb3 29. Qd4+ Kg8 30. Rd7 Rf7 31. Rd8+ 1-0

[Event "FIN-ch Women 2018"]
[Site "Helsinki"]
[Date "2018.06.15"]
[Round "5"]
[White "Dannenberg, Alia"]
[Black "Pelander, Pauliina"]
[Result "1/2-1/2"]
[ECO "B23"]
[WhiteElo "1934"]
[BlackElo "1610"]
[Annotator "NA"]
[PlyCount "54"]
[EventDate "2018.06.13"]
[EventType "tourn"]
[EventCountry "FIN"]
[SourceTitle "playchess.com"]
[Source "ChessBase"]
[SourceQuality "1"]
[TimeControl "40/5400+30:1800+30"]

1. e4 c5 2. Nc3 e6 3. g3 Nc6 4. Bg2 b6 5. d3 Bb7 6. Nge2 Nf6 7. h3 g6 8. Be3 Bg7 9. Qd2 d5 10. exd5 Nxd5 11. Bh6 Bxh6 12. Qxh6 Qf6 13. O-O Ne5 14. Ne4 Qe7 15. c4 f5 16. cxd5 fxe4 17. dxe4 exd5 18. exd5 O-O-O 19. Nc3 Qf7 20. f4 Nc4 21. Rf2 Ne3 22. f5 Nxg2 23. fxg6 Qxg6 24. Qxg6 hxg6 25. Kxg2 b5 26. Nxb5 Bxd5+ 27. Kh2 Kb7 1/2-1/2

[Event "FIN-ch Women 2018"]
[Site "Helsinki"]
[Date "2018.06.15"]
[Round "5"]
[White "Turunen, Tiina"]
[Black "Al-Hamoud, Lyal"]
[Result "1-0"]
[ECO "A46"]
[WhiteElo "1665"]
[BlackElo "1382"]
[Annotator "NA"]
[PlyCount "213"]
[EventDate "2018.06.13"]
[EventType "tourn"]
[EventCountry "FIN"]
[SourceTitle "playchess.com"]
[Source "ChessBase"]
[SourceQuality "1"]
[TimeControl "40/5400+30:1800+30"]

1. d4 Nf6 2. Nf3 d5 3. h3 Nc6 4. Bf4 Bf5 5. c3 h6 6. e3 a6 7. Bd3 Bd7 8. Nbd2 e6 9. O-O Na7 10. e4 Bb5 11. Bxb5+ Nxb5 12. Re1 Be7 13. a4 Na7 14. Qe2 c6 15. e5 Nd7 16. c4 b5 17. cxd5 cxd5 18. Rec1 O-O 19. Nb3 Bb4 20. Bd2 Bxd2 21. Qxd2 Qb6 22. a5 Qb7 23. Nc5 Nxc5 24. Rxc5 Rfc8 25. b4 Rc6 26. Ne1 Rac8 27. Nd3 R8c7 28. f4 g6 29. g4 Kg7 30. Rf1 f5 31. exf6+ Kxf6 32. Qe3 Kg7 33. Qe5+ Kh7 34. f5 gxf5 35. gxf5 Rg7+ 36. Kh2 exf5 37. Qxf5+ Kh8 38. Qxd5 Qb8+ 39. Ne5 Rcg6 40. Kh1 Rg3 41. Qe6 Qg8 42. Qxg8+ Kxg8 43. Nf3 Rxh3+ 44. Nh2 Rd3 45. Rd5 Nc6 46. Rd6 Nxb4 47. Rxh6 Rxd4 48. Rhf6 Rd8 49. Rb1 Rd4 50. Nf3 Rc4 51. Rh6 Nc6 52. Nd2 Rd4 53. Nf3 Rc4 54. Kh2 Ra4 55. Kh1 Nxa5 56. Rxa6 b4 57. Ra8+ Kh7 58. Rb8 b3 59. Rb5 Nc4 60. R1xb3 Nd2 61. Rh5+ Kg6 62. Rg5+ Kh6 63. Rb6+ Kh7 64. Rh5+ Kg8 65. Nxd2 Ra1+ 66. Nb1 Rc7 67. Kg2 Rc2+ 68. Kf3 Rc1 69. Nd2 Rc3+ 70. Kf4 Ra4+ 71. Ne4 Rc7 72. Re6 Rf7+ 73. Kg4 Rg7+ 74. Kh4 Kf7 75. Rf6+ Ke7 76. Re5+ Kd7 77. Kh5 Kc7 78. Nc5 Ra1 79. Ne6+ Kd6 80. Nxg7+ Kxe5 81. Rf5+ Ke4 82. Rg5 Rh1+ 83. Kg6 Rf1 84. Ne8 Rf8 85. Nd6+ Kf4 86. Rb5 Rg8+ 87. Kf6 Rh8 88. Rb4+ Kg3 89. Ke5 Rh5+ 90. Nf5+ Kf3 91. Rb3+ Ke2 92. Ke4 Kd2 93. Rd3+ Kc2 94. Ne3+ Kb2 95. Rd6 Kc3 96. Rc6+ Kb4 97. Rc4+ Kb5 98. Kd3 Rh3 99. Rc8 Kb6 100. Kd4 Kb7 101. Rc3 Kb6 102. Nd5+ Kb5 103. Rxh3 Ka5 104. Kc4 Ka6 105. Kc5 Ka7 106. Kc6 Ka6 107. Ra3# 1-0